[Event "January 2 Early 2024"]
[Site "https://www.chess.com"]
[Date "2024.01.02"]
[Round "2"]
[White "Skaric, Djuro"]
[Black "Przybylski, Wojciech"]
[Result "0-1"]
[Board "185"]
[TimeControl "180+1"]
[WhiteFideId "934569"]
[BlackFideId "1117599"]
[WhiteElo "2305"]
[BlackElo "2515"]
[WhiteTeam "SRB"]
[BlackTeam "POL"]
[WhiteClock "0:00:01"]
[BlackClock "0:00:24"]

1. g3 Nf6 2. Bg2 e5 3. d3 Nc6 4. Nf3 Be7 5. O-O O-O 6. Nc3 d5 7. e4 dxe4 8. dxe4 Be6 9. h3 h6 10. Be3 Qxd1 11. Rfxd1 Rfd8 12. a3 a6 13. Rd2 Rxd2 14. Nxd2 Nd4 15. Rc1 Rd8 16. Kf1 c5 17. f4 Bd6 18. f5 Bd7 19. g4 Bc6 20. Kf2 Nd7 21. h4 b5 22. Nd5 Bb7 23. c3 Nc6 24. g5 h5 25. Bf3 g6 26. Nf6+ Kf8 27. b4 c4 28. Nd5 Ne7 29. fxg6 fxg6 30. Nb6 Kf7 31. Nxd7 Rxd7 32. Rf1 Nc6 33. Ke2 Kg7 34. Bg2 Be7 35. Bh3 Rd3 36. Be6 Nd8 37. Bxc4 bxc4 38. Nxc4 Rxc3 39. Nxe5 Bxe4 40. Bd4 Rh3 41. Nc6+ Kh7 42. Ne5 Rxh4 43. Ke3 Bxg5+ 44. Kf2 Rf4+ 45. Ke1 Bh4+ 46. Ke2 Rxf1 47. Kxf1 Ne6 48. a4 Nxd4 0-1

[Event "January 2 Early 2024"]
[Site "https://www.chess.com"]
[Date "2024.01.02"]
[Round "2"]
[White "Matyunin, Maxim"]
[Black "Eggleston, Thomas A"]
[Result "1-0"]
[Board "186"]
[TimeControl "180+1"]
[WhiteFideId "34106682"]
[BlackFideId "412139"]
[WhiteElo "2515"]
[BlackElo "2303"]
[WhiteTeam "RUS"]
[BlackTeam "ENG"]
[WhiteClock "0:01:58"]
[BlackClock "0:00:21"]

1. d4 e6 2. Nf3 f5 3. c4 Nf6 4. Nc3 Be7 5. Bg5 Ne4 6. Bxe7 Qxe7 7. e3 Nxc3 8. bxc3 d6 9. Be2 O-O 10. O-O Kh8 11. a4 e5 12. Nd2 f4 13. exf4 Rxf4 14. Bf3 c5 15. dxe5 dxe5 16. Re1 Nc6 17. Qe2 Bd7 18. Bxc6 Bxc6 19. Qxe5 Qf8 20. Re2 Re8 21. Qh5 Rd8 22. Rae1 h6 23. h3 Rf5 24. Qh4 Rg5 25. Ne4 Qf3 26. Qxg5 1-0

[Event "January 2 Early 2024"]
[Site "https://www.chess.com"]
[Date "2024.01.02"]
[Round "2"]
[White "Goncalves, Davi Sulzbacher"]
[Black "Peiris, T G M"]
[Result "1-0"]
[Board "187"]
[TimeControl "180+1"]
[WhiteFideId "2154510"]
[BlackFideId "9901310"]
[WhiteElo "2514"]
[BlackElo "2299"]
[WhiteTeam "BRA"]
[BlackTeam "SRI"]
[WhiteClock "0:00:16"]
[BlackClock "0:00:00"]

1. e4 e6 2. d4 d5 3. Nc3 a6 4. Nf3 Nf6 5. Bg5 Be7 6. e5 Nfd7 7. h4 h6 8. Be3 c5 9. Qd2 Nc6 10. O-O-O c4 11. Ne2 b5 12. Nf4 b4 13. g4 Qa5 14. Kb1 Qb6 15. Bxc4 dxc4 16. d5 Nc5 17. d6 c3 18. Qe2 Bd8 19. Qc4 Qb5 20. Qxb5 axb5 21. Bxc5 Bd7 22. b3 Ba5 23. Rhe1 O-O 24. Nd4 Nxd4 25. Rxd4 Rfc8 26. Bxb4 Bb6 27. Rd3 Bxf2 28. Rh1 Ra7 29. g5 Rca8 30. a3 1-0

[Event "January 2 Early 2024"]
[Site "https://www.chess.com"]
[Date "2024.01.02"]
[Round "2"]
[White "Cina`, Vittorio"]
[Black "Kopczynski, Michal"]
[Result "0-1"]
[Board "188"]
[TimeControl "180+1"]
[WhiteFideId "2849033"]
[BlackFideId "1124200"]
[WhiteElo "2298"]
[BlackElo "2513"]
[WhiteTeam "ITA"]
[BlackTeam "POL"]
[WhiteClock "0:00:25"]
[BlackClock "0:01:54"]

1. e4 b6 2. d4 Bb7 3. Bd3 e6 4. Qe2 Nf6 5. Nf3 d5 6. Nbd2 c5 7. e5 Nfd7 8. c3 Nc6 9. a3 Qc7 10. O-O O-O-O 11. Ng5 Ndb8 12. Qf3 Rd7 13. Nxh7 cxd4 14. Nxf8 Nxe5 15. Qg3 Rxf8 16. cxd4 Nxd3 17. Qxd3 Ba6 18. Qh7 Bxf1 19. Qxg7 Rdd8 20. Nxf1 Rg8 21. Qf6 Rg6 22. Qf3 Nc6 23. Be3 Kb7 24. Rc1 Qd7 25. Nd2 Rc8 26. g3 Nxd4 0-1

[Event "January 2 Early 2024"]
[Site "https://www.chess.com"]
[Date "2024.01.02"]
[Round "2"]
[White "Lehtosaari, Mauri"]
[Black "Martin, Lewis"]
[Result "1-0"]
[Board "189"]
[TimeControl "180+1"]
[WhiteFideId "501999"]
[BlackFideId "410551"]
[WhiteElo "2513"]
[BlackElo "2295"]
[WhiteTeam "FIN"]
[BlackTeam "ENG"]
[WhiteClock "0:00:31"]
[BlackClock "0:00:03"]

1. d4 d5 2. c4 c6 3. Nc3 e6 4. Nf3 Nf6 5. cxd5 exd5 6. Bg5 Nbd7 7. e3 h6 8. Bh4 Qa5 9. Bd3 Bb4 10. Qc2 O-O 11. O-O Re8 12. a3 Bd6 13. Bg3 Bxg3 14. hxg3 Nf8 15. b4 Qc7 16. a4 a6 17. b5 axb5 18. axb5 Rxa1 19. Rxa1 Bd7 20. bxc6 bxc6 21. Na4 Ne4 22. Nc5 Nxc5 23. Qxc5 Ne6 24. Qa7 Qc8 25. Ne5 Nf8 26. Rc1 f6 27. Nxd7 Qxd7 28. Qxd7 Nxd7 29. Rxc6 Ra8 30. Rd6 Nf8 31. Rxd5 Ra1+ 32. Kh2 Ra2 33. f3 g5 34. Bf5 Kg7 35. Rb5 Ra7 36. d5 h5 37. e4 Nd7 38. Bxd7 Rxd7 39. f4 Kf7 40. Kg1 Ke7 41. Kf2 Ra7 42. fxg5 fxg5 43. e5 Ra3 44. Rb7+ Kf8 45. Rh7 Rd3 46. Rd7 Ke8 47. e6 h4 48. gxh4 gxh4 49. d6 Rd5 50. Kf3 Re5 51. Re7+ Kd8 52. Kf4 Re1 53. Kf5 Re2 54. Ra7 Kc8 55. Ra8+ Kb7 56. Re8 Rxg2 57. d7 h3 58. d8=Q h2 59. Qd7+ Kb6 60. Rb8+ Kc5 61. Rc8+ 1-0

[Event "January 2 Early 2024"]
[Site "https://www.chess.com"]
[Date "2024.01.02"]
[Round "2"]
[White "Alonso Garcia, Rene Marcial"]
[Black "Lopusiewicz, Piotr"]
[Result "0-1"]
[Board "190"]
[TimeControl "180+1"]
[WhiteFideId "3500276"]
[BlackFideId "1116029"]
[WhiteElo "2292"]
[BlackElo "2511"]
[WhiteTeam "FID"]
[BlackTeam "POL"]
[WhiteClock "0:01:10"]
[BlackClock "0:00:22"]

1. d4 Nf6 2. c4 e6 3. Nf3 d5 4. Nc3 c5 5. e3 a6 6. dxc5 Bxc5 7. a3 dxc4 8. Qxd8+ Kxd8 9. Bxc4 b5 10. Be2 Bb7 11. b4 Bd6 12. Bb2 Nbd7 13. O-O-O Ke7 14. h3 Rac8 15. Kb1 Rhd8 16. Bd3 Nb6 17. Ne2 Nc4 18. Bxf6+ gxf6 19. Bxc4 bxc4 20. Ng3 f5 21. Kc2 c3 22. Rhg1 a5 23. bxa5 Bxa3 24. Rxd8 Kxd8 25. Rd1+ Ke7 26. Ne2 Be4+ 27. Kb3 c2 28. Rf1 c1=Q 29. Nxc1 Bxc1 30. Rg1 Rb8+ 31. Ka2 Bd5+ 32. Ka1 Bb2+ 33. Kb1 Bc3+ 34. Kc2 Bxa5 35. Nd4 Be4+ 0-1

[Event "January 2 Early 2024"]
[Site "https://www.chess.com"]
[Date "2024.01.02"]
[Round "2"]
[White "Manukyan, Artyom"]
[Black "Blokhin, Sofia"]
[Result "1-0"]
[Board "191"]
[TimeControl "180+1"]
[WhiteFideId "13305786"]
[BlackFideId "4508190"]
[WhiteElo "2510"]
[BlackElo "2291"]
[WhiteTeam "ARM"]
[BlackTeam "EST"]
[WhiteClock "0:01:45"]
[BlackClock "0:00:16"]

1. e4 c5 2. Nc3 e6 3. Nge2 a6 4. g3 Nc6 5. Bg2 g6 6. d4 cxd4 7. Nxd4 Bg7 8. Be3 Nge7 9. O-O O-O 10. Qd2 f5 11. Rad1 e5 12. Nxc6 bxc6 13. Qd6 Qe8 14. Bg5 Rf7 15. Rfe1 f4 16. Bf1 h6 17. Bxe7 Rxe7 18. Bc4+ Kh7 19. Na4 g5 20. Nb6 f3 21. Nxa8 Bb7 22. Nc7 Qd8 23. Ne6 Qe8 24. Nxg7 Kxg7 25. Re3 g4 26. Qc7 Re6 27. Bxe6 Qxe6 28. Qxd7+ 1-0

[Event "January 2 Early 2024"]
[Site "https://www.chess.com"]
[Date "2024.01.02"]
[Round "2"]
[White "Filippova, Margarita"]
[Black "Tikhonov, Viacheslav"]
[Result "1-0"]
[Board "192"]
[TimeControl "180+1"]
[WhiteFideId "34199680"]
[BlackFideId "44196407"]
[WhiteElo "2290"]
[BlackElo "2510"]
[WhiteTeam "RUS"]
[BlackTeam "RUS"]
[WhiteClock "0:01:35"]
[BlackClock "0:00:04"]

1. e4 c5 2. Nf3 g6 3. c3 Bg7 4. d4 cxd4 5. cxd4 d5 6. e5 a6 7. h3 Nc6 8. a3 f6 9. Nc3 Nh6 10. Bxh6 Bxh6 11. Bd3 O-O 12. Qc2 fxe5 13. dxe5 Rxf3 14. gxf3 Nxe5 15. Qe2 Qd6 16. Rd1 Be6 17. h4 Rf8 18. Be4 d4 19. h5 Kg7 20. hxg6 hxg6 21. Rxh6 Kxh6 22. Qd2+ Kg7 23. Qxd4 Qxd4 24. Rxd4 Nxf3+ 25. Bxf3 Rxf3 26. Ke2 Rf8 27. Na4 Rc8 28. b4 Rc2+ 29. Ke3 Ra2 30. Rd3 Bf5 31. Rc3 b5 32. Nc5 Be6 33. Nxe6+ Kf6 34. Nc5 g5 35. Nxa6 Ra1 36. Nc5 g4 37. Ne4+ Ke5 38. Ng3 Kd5 39. Rc5+ Kd6 40. Rxb5 Rxa3+ 41. Kf4 Rf3+ 42. Kxg4 Rxf2 43. Ne4+ Kc6 44. Rc5+ Kb6 45. Nxf2 1-0

[Event "January 2 Early 2024"]
[Site "https://www.chess.com"]
[Date "2024.01.02"]
[Round "2"]
[White "Estrada Nieto, Julian"]
[Black "Ivanova, Karina"]
[Result "0-1"]
[Board "193"]
[TimeControl "180+1"]
[WhiteFideId "5101018"]
[BlackFideId "24139750"]
[WhiteElo "2507"]
[BlackElo "2289"]
[WhiteTeam "ESP"]
[BlackTeam "RUS"]
[WhiteClock "0:00:14"]
[BlackClock "0:01:09"]

1. e4 c6 2. d4 d5 3. Nd2 dxe4 4. Nxe4 Bf5 5. Ng3 Bg6 6. h4 h6 7. Nf3 Nd7 8. h5 Bh7 9. Bd3 Bxd3 10. Qxd3 e6 11. Bd2 Qc7 12. O-O-O Ngf6 13. Qe2 c5 14. Kb1 O-O-O 15. c4 cxd4 16. Nxd4 a6 17. Bc3 Bc5 18. Nb3 Ba7 19. Ba5 Bb6 20. Bxb6 Nxb6 21. c5 Nbd5 22. c6 b5 23. Ne4 Nxe4 24. Qxe4 Rd6 25. Nd4 Rhd8 26. Qf3 Nf6 27. Nb3 Rxd1+ 28. Rxd1 Rxd1+ 29. Qxd1 Qxc6 30. g3 Qd5 31. Qc2+ Kb7 32. Na5+ Kb6 33. b4 Qe4 34. Kb2 Qxc2+ 35. Kxc2 Nxh5 36. Kd3 Nf6 37. Kd4 Nd7 38. f4 Kc7 39. g4 g6 40. Nb3 Kd6 41. Nd2 f5 42. gxf5 exf5 43. Nf3 Nf8 44. Ne5 Ne6+ 45. Ke3 g5 46. Nf7+ Kd5 47. Nxh6 gxf4+ 48. Kf3 Kc4 49. a3 Kb3 50. Nxf5 Kxa3 51. Nd4 Nxd4+ 52. Kxf4 Kxb4 53. Ke4 Kc4 54. Ke5 b4 0-1

[Event "January 2 Early 2024"]
[Site "https://www.chess.com"]
[Date "2024.01.02"]
[Round "2"]
[White "Pinero Rodriguez, Carlos Jose"]
[Black "SkinnyPuppy8"]
[Result "1-0"]
[Board "194"]
[TimeControl "180+1"]
[WhiteFideId "3901726"]
[WhiteElo "2504"]
[BlackElo "2287"]
[WhiteTeam "VEN"]
[WhiteClock "0:00:50"]
[BlackClock "0:00:07"]

1. e4 d5 2. exd5 Nf6 3. d4 Bg4 4. f3 Bf5 5. c4 e6 6. dxe6 Nc6 7. Be3 Bb4+ 8. Nc3 Bxc3+ 9. bxc3 fxe6 10. Ne2 O-O 11. Ng3 Qe8 12. Be2 Rd8 13. O-O Qg6 14. Nxf5 exf5 15. Bd3 Rfe8 16. Qd2 Qf7 17. Bf2 Na5 18. c5 Nc4 19. Qc1 b5 20. a4 a6 21. axb5 axb5 22. Bxf5 Nd5 23. Be4 c6 24. Ra6 Qb7 25. Ra2 g6 26. Re1 Kg7 27. Bh4 Rd7 28. Bxd5 Rxe1+ 29. Qxe1 Rxd5 30. Re2 Rd7 31. Re6 Rf7 32. Qe4 b4 33. cxb4 Qxb4 34. Rxc6 Nd2 35. Qe5+ Kh6 36. Bg5+ Kh5 37. Bf6+ Kh6 38. Qg5# 1-0

[Event "January 2 Early 2024"]
[Site "https://www.chess.com"]
[Date "2024.01.02"]
[Round "2"]
[White "Srdanovic, Jovana"]
[Black "Onslow, Alfie"]
[Result "1-0"]
[Board "195"]
[TimeControl "180+1"]
[WhiteFideId "954810"]
[BlackFideId "436976"]
[WhiteElo "2501"]
[BlackElo "2283"]
[WhiteTeam "SRB"]
[BlackTeam "ENG"]
[WhiteClock "0:02:00"]
[BlackClock "0:00:00"]

1. d4 Nf6 2. c4 c5 3. d5 b5 4. cxb5 a6 5. e3 g6 6. Nc3 Bg7 7. Nf3 O-O 8. e4 axb5 9. Bxb5 Qa5 10. Nd2 Nxe4 11. Ndxe4 f5 12. O-O fxe4 13. Qe2 Bb7 14. Bd2 Qb6 15. a4 Na6 16. Qxe4 e6 17. Bxd7 exd5 18. Nxd5 Qd6 19. Qe6+ Qxe6 20. Bxe6+ Kh8 21. Nc3 Rae8 22. Bh3 Bd4 23. Rae1 Rxe1 24. Bxe1 Nb4 25. Nb5 Ba6 26. Nxd4 Bxf1 27. Kxf1 Nd3 28. Ne6 Rb8 29. Bc3+ Kg8 30. Ng5 Nxb2 31. Be6+ Kf8 32. Be5 Rb4 33. Bd6+ Ke8 34. Nxh7 Rxa4 35. Nf6+ Kd8 36. g3 Ra1+ 37. Kg2 Nd3 38. Bc4 Rd1 39. Bxd3 Rxd3 40. Bxc5 1-0

[Event "January 2 Early 2024"]
[Site "https://www.chess.com"]
[Date "2024.01.02"]
[Round "2"]
[White "Lebedev, Artem S."]
[Black "Lesbekova, Assel"]
[Result "1-0"]
[Board "196"]
[TimeControl "180+1"]
[WhiteFideId "34272747"]
[BlackFideId "13713248"]
[WhiteElo "2499"]
[BlackElo "2281"]
[WhiteTeam "RUS"]
[BlackTeam "KGZ"]
[WhiteClock "0:00:09"]
[BlackClock "0:00:08"]

1. e4 e5 2. Nf3 Nf6 3. Nxe5 Nxe4 4. Qe2 Qe7 5. Qxe4 d6 6. d4 dxe5 7. dxe5 Nc6 8. Nc3 Qxe5 9. Qxe5+ Nxe5 10. Bf4 Bd6 11. Nb5 Nf3+ 12. Ke2 Nd4+ 13. Nxd4 Bxf4 14. Kf3 Be5 15. Bb5+ c6 16. Nxc6 bxc6 17. Bxc6+ Kd8 18. Bxa8 Kc7 19. Bd5 Bf5 20. c4 f6 21. Rae1 g5 22. g4 Bg6 23. h3 h5 24. b4 Bd6 25. a3 Be5 26. Kg2 h4 27. Rd1 Bb2 28. Be6 Bxa3 29. Rd7+ Kb6 30. c5+ Kc6 31. Rd6+ Kc7 32. Ra1 Bxb4 33. Rxa7+ Kb8 34. Rda6 Be4+ 35. f3 Bxc5 36. Rg7 Bd3 37. Ra5 Bb6 38. Ra3 Bc2 39. Bd5 1-0

[Event "January 2 Early 2024"]
[Site "https://www.chess.com"]
[Date "2024.01.02"]
[Round "2"]
[White "Bressy, Theo"]
[Black "Coelho, Ramyres Santana"]
[Result "0-1"]
[Board "198"]
[TimeControl "180+1"]
[WhiteFideId "26022842"]
[BlackFideId "2120690"]
[WhiteElo "2499"]
[BlackElo "2280"]
[WhiteTeam "FRA"]
[BlackTeam "BRA"]
[WhiteClock "0:00:16"]
[BlackClock "0:00:42"]

1. e4 c5 2. a3 Nc6 3. b4 cxb4 4. axb4 a6 5. b5 Nb8 6. Nf3 d6 7. d4 e6 8. Bd3 Nf6 9. O-O Be7 10. Nc3 O-O 11. Ba3 a5 12. Qe2 b6 13. e5 Nd5 14. Nxd5 exd5 15. exd6 Bxd6 16. Bxd6 Qxd6 17. Ne5 Nd7 18. Nc6 Nf6 19. Rfe1 Bd7 20. Qe5 Qxe5 21. dxe5 Bxc6 22. exf6 Bd7 23. Re7 Be6 24. f4 Rfe8 25. Rb7 Rab8 26. Rxb8 Rxb8 27. fxg7 Kxg7 28. Kf2 Rc8 29. Ke3 Rc3 30. Kd4 Rc5 31. g3 Bd7 32. c4 dxc4 33. Bxc4 Bxb5 34. Bd5 Rc2 35. Rb1 Rd2+ 36. Ke5 f6+ 37. Ke6 Bd7+ 38. Kxd7 Rxd5+ 39. Kc6 Rd2 40. Kxb6 Rxh2 41. Kxa5 Rh3 42. Rg1 Kg6 43. Kb5 Kf5 44. Kc5 Kg4 45. Kd5 Rxg3 46. Rh1 h5 47. Ke4 f5+ 48. Ke5 Re3+ 49. Kf6 h4 50. Kg6 h3 0-1

[Event "January 2 Early 2024"]
[Site "https://www.chess.com"]
[Date "2024.01.02"]
[Round "2"]
[White "Cardozo Munar, Carlos Eduardo"]
[Black "Sidletskyi, Ivan"]
[Result "1-0"]
[Board "199"]
[TimeControl "180+1"]
[WhiteFideId "4409477"]
[BlackFideId "14156024"]
[WhiteElo "2280"]
[BlackElo "2499"]
[WhiteTeam "COL"]
[BlackTeam "UKR"]
[WhiteClock "0:00:24"]
[BlackClock "0:00:00"]

1. d4 Nf6 2. Bg5 d5 3. Bxf6 gxf6 4. g3 c5 5. Bg2 Nc6 6. dxc5 e6 7. e4 d4 8. Nf3 Bxc5 9. O-O e5 10. c3 Be6 11. cxd4 Nxd4 12. Nc3 Qd7 13. a3 Rd8 14. b4 Bb6 15. Rc1 O-O 16. Nd5 Bxd5 17. exd5 Qxd5 18. Nxd4 Qxd4 19. Qxd4 Rxd4 20. Bxb7 Rd2 21. a4 Rb8 22. Rc8+ Rxc8 23. Bxc8 Rb2 24. a5 Bd4 25. a6 Rxb4 26. Kg2 Rb2 27. h4 Kf8 28. Bb7 Ke7 29. g4 Ra2 30. Kg3 e4 31. Bxe4 Rxa6 32. Bxh7 Ra3+ 33. f3 Be5+ 34. Kg2 a5 35. Be4 Ra2+ 36. Rf2 Ra3 37. h5 Rb3 38. Ra2 Rb5 39. h6 Bc3 40. h7 Rb8 41. Rc2 Be5 42. Rc5 a4 43. Ra5 Rb2+ 44. Kf1 Rh2 45. Rxa4 Kd6 46. Ra7 Kc5 47. Ra8 f5 48. Bxf5 Kd4 49. Be4 Ke3 50. Ra3+ Kf4 51. Ra7 Bd4 52. Rxf7+ Kg3 53. g5 Bc3 54. h8=Q 1-0

[Event "January 2 Early 2024"]
[Site "https://www.chess.com"]
[Date "2024.01.02"]
[Round "2"]
[White "Stojanovski, Sandi"]
[Black "Sava, Christiansen-Danut-Eugen"]
[Result "1-0"]
[Board "200"]
[TimeControl "180+1"]
[WhiteFideId "1403249"]
[BlackFideId "1210114"]
[WhiteElo "2499"]
[BlackElo "2276"]
[WhiteTeam "DEN"]
[BlackTeam "ROU"]
[WhiteClock "0:00:24"]
[BlackClock "0:00:11"]

1. d4 Nf6 2. c4 g6 3. Nc3 d5 4. Nf3 Bg7 5. Bg5 Ne4 6. Bh4 Nxc3 7. bxc3 O-O 8. e3 c5 9. cxd5 Qxd5 10. Be2 cxd4 11. cxd4 Nc6 12. O-O e5 13. dxe5 Qxd1 14. Raxd1 Nxe5 15. Nd4 a6 16. h3 Bd7 17. f4 Nc6 18. Nb3 Be6 19. Rd2 Rac8 20. Nc5 Rc7 21. Nxe6 fxe6 22. Bc4 Re8 23. a3 Kh8 24. Rfd1 e5 25. Rd7 Rxd7 26. Rxd7 exf4 27. exf4 b5 28. Bd5 Nd4 29. Kh2 Nf5 30. Bf2 h5 31. Ra7 Re2 32. Kg1 Rxf2 33. Ra8+ Kh7 34. Kxf2 Bd4+ 35. Ke2 Bc5 36. Rxa6 Nd4+ 37. Kd3 Nf5 38. g4 hxg4 39. hxg4 Nd4 40. Be4 Nb3 41. Rxg6 Kh8 42. Rg5 Bxa3 43. Rxb5 Bf8 44. Rxb3 1-0

[Event "January 2 Early 2024"]
[Site "https://www.chess.com"]
[Date "2024.01.02"]
[Round "2"]
[White "Nechitaylo, Nikita"]
[Black "Shishkov, Andrei"]
[Result "1-0"]
[Board "201"]
[TimeControl "180+1"]
[WhiteFideId "34138161"]
[BlackFideId "4500563"]
[WhiteElo "2275"]
[BlackElo "2498"]
[WhiteTeam "UKR"]
[BlackTeam "EST"]
[WhiteClock "0:00:53"]
[BlackClock "0:00:00"]

1. d4 Nf6 2. c4 e6 3. Nc3 Bb4 4. e3 O-O 5. Ne2 Re8 6. a3 Bf8 7. b4 d5 8. Bb2 a5 9. c5 b6 10. Nf4 axb4 11. axb4 Rxa1 12. Qxa1 Nc6 13. Bb5 Nxb4 14. Qa4 c6 15. Qxb4 bxc5 16. dxc5 cxb5 17. Qxb5 Qc7 18. Ncxd5 exd5 19. Bxf6 Bd7 20. Nxd5 Qc6 21. Qxc6 Bxc6 22. Nb4 Bxg2 23. Rg1 Bxc5 24. Nd3 Bb6 25. Rxg2 Ba5+ 26. Ke2 g6 27. Nf4 Rb8 28. Be5 Rb1 29. Nd5 1-0

[Event "January 2 Early 2024"]
[Site "https://www.chess.com"]
[Date "2024.01.02"]
[Round "2"]
[White "Garcia Almaguer, Juan Manuel"]
[Black "Monpeurt, Cyrielle"]
[Result "0-1"]
[Board "202"]
[TimeControl "180+1"]
[WhiteFideId "5110491"]
[BlackFideId "677400"]
[WhiteElo "2495"]
[BlackElo "2274"]
[WhiteTeam "MEX"]
[BlackTeam "FRA"]
[WhiteClock "0:00:09"]
[BlackClock "0:00:09"]

1. e4 d5 2. exd5 Qxd5 3. Nc3 Qd6 4. Bc4 Nf6 5. d3 Bg4 6. f3 Bh5 7. Bg5 e6 8. Qd2 Nc6 9. Nge2 O-O-O 10. O-O-O Be7 11. h4 h6 12. Bf4 e5 13. Bh2 a6 14. g4 Bg6 15. Ng3 Nd4 16. Qf2 Qb6 17. g5 hxg5 18. hxg5 Nb3+ 19. Bxb3 Qxf2 20. gxf6 Bxf6 21. Nge4 Qxf3 22. Rdf1 Qg2 23. Rfg1 Qf3 24. Rf1 Qe3+ 25. Kb1 Bxe4 26. Nxe4 Kb8 27. Bxf7 Rdf8 28. Be6 Be7 29. Rd1 Qe2 30. Nc3 Qg2 31. Bd5 Qf2 32. Bxe5 Rxh1 33. Bxh1 Bd6 34. Bxg7 Rg8 35. Bh6 Rg1 36. Be4 Rxd1+ 37. Nxd1 Qe1 38. Kc1 b5 39. Bd2 Qf1 40. c3 Bf4 41. Bxf4 Qxf4+ 42. Kc2 Qh2+ 43. Kc1 Qe2 44. a3 c5 45. Bf5 Kc7 46. Be4 Kd6 47. Bh7 Qf1 48. Be4 Qe2 49. Bh7 c4 50. dxc4 bxc4 51. Bc2 Kc5 52. b4+ cxb3 53. Bxb3 a5 54. a4 Qf1 55. Kd2 Qg2+ 56. Kc1 Qg5+ 57. Kc2 Qf4 58. Kd3 Qf3+ 59. Kc2 Qe2+ 60. Kc1 Qd3 61. Kb2 Qd2+ 62. Kb1 Kd6 63. Bc2 Ke5 64. Bb3 Kf4 65. Bc2 Kf3 66. Bb3 Ke2 67. Bc2 Qd7 68. Kb2 Qb7+ 69. Bb3 Kd2 70. Ka3 Kc1 71. Ka2 Qg2+ 72. Ka3 Qd2 73. c4 Qd3 74. Ka2 Qf3 75. Ka3 Kb1 76. c5 Qc6 77. Nc3+ Kc1 78. Ne2+ Kd2 79. Nf4 Qxc5+ 80. Ka2 Qe3 81. Nd5 Qd4 82. Ka3 Kc1 83. Nc3 Qxc3 84. Ka2 Qb2# 0-1

[Event "January 2 Early 2024"]
[Site "https://www.chess.com"]
[Date "2024.01.02"]
[Round "2"]
[White "Deveci, Huseyin Said"]
[Black "Korpics, Zsolt"]
[Result "1-0"]
[Board "203"]
[TimeControl "180+1"]
[WhiteFideId "26322455"]
[BlackFideId "705241"]
[WhiteElo "2274"]
[BlackElo "2495"]
[WhiteTeam "TUR"]
[BlackTeam "HUN"]
[WhiteClock "0:00:19"]
[BlackClock "0:00:06"]

1. e4 c5 2. Nf3 e6 3. d4 cxd4 4. Nxd4 Nc6 5. Nxc6 bxc6 6. Bd3 Nf6 7. O-O e5 8. f4 Bc5+ 9. Kh1 d6 10. fxe5 dxe5 11. Bg5 Be7 12. Nd2 h6 13. Bh4 O-O 14. Nc4 Nd7 15. Bxe7 Qxe7 16. Qh5 Ba6 17. Rad1 Bxc4 18. Bxc4 Nf6 19. Qf5 Rfd8 20. a3 Qc5 21. Bb3 Rd6 22. Bxf7+ Kxf7 23. b4 Qxc2 24. Rxd6 Kg8 25. Rxf6 gxf6 26. Qg6+ Kh8 27. Qxh6+ Kg8 28. Qg6+ Kh8 29. Qxf6+ Kg8 30. Qg6+ Kh8 31. h3 Rg8 32. Qh6# 1-0

[Event "January 2 Early 2024"]
[Site "https://www.chess.com"]
[Date "2024.01.02"]
[Round "2"]
[White "Minina, Veronika"]
[Black "Olsson, Linus"]
[Result "0-1"]
[Board "204"]
[TimeControl "180+1"]
[WhiteFideId "4174780"]
[BlackFideId "1706098"]
[WhiteElo "2271"]
[BlackElo "2490"]
[WhiteTeam "RUS"]
[BlackTeam "SWE"]
[WhiteClock "0:00:00"]
[BlackClock "0:00:09"]

1. Nf3 g6 2. g3 Bg7 3. Bg2 c5 4. O-O Nc6 5. c4 d6 6. Nc3 Qd7 7. e3 Nf6 8. d4 O-O 9. dxc5 dxc5 10. Na4 b6 11. Qc2 Nb4 12. Qb3 Bb7 13. Ne5 Qc7 14. Bxb7 Qxb7 15. a3 Na6 16. Bd2 Ne4 17. Nf3 Rfd8 18. Be1 Rd7 19. Nh4 Rad8 20. Nc3 Ng5 21. f3 Rd3 22. Qc2 Rxe3 23. Nd5 Rxd5 24. cxd5 Qxd5 25. Rd1 Bd4 26. Kg2 Qe6 27. Bf2 Re2 28. Rxd4 Rxc2 29. Rd8+ Kg7 30. Re1 Qxe1 0-1

[Event "January 2 Early 2024"]
[Site "https://www.chess.com"]
[Date "2024.01.02"]
[Round "2"]
[White "Ladan, Nicholas"]
[Black "Lopez Del Alamo, Antonio"]
[Result "1-0"]
[Board "205"]
[TimeControl "180+1"]
[WhiteFideId "30918855"]
[BlackFideId "2227339"]
[WhiteElo "2490"]
[BlackElo "2270"]
[WhiteTeam "USA"]
[BlackTeam "ESP"]
[WhiteClock "0:00:04"]
[BlackClock "0:00:16"]

1. d4 Nf6 2. Nf3 g6 3. e3 Bg7 4. Be2 O-O 5. O-O d6 6. b3 Nbd7 7. Bb2 c6 8. a4 Qc7 9. a5 Re8 10. Ra4 e5 11. dxe5 dxe5 12. Na3 Nc5 13. Rh4 e4 14. Nd4 Qxa5 15. Nc4 Qc7 16. Qa1 Nd5 17. Nf5 Bxf5 18. Bxg7 f6 19. Bxf6 Nxf6 20. Qxf6 Qg7 21. Qd6 Qe7 22. Qxe7 Rxe7 23. g4 Bd7 24. g5 Bf5 25. Nd6 Rf8 26. Bc4+ Kg7 27. Rd1 b5 28. Be2 a5 29. Nxf5+ Rxf5 30. Rg4 Rfe5 31. h4 Rd7 32. Rxd7+ Nxd7 33. Kf1 Nc5 34. Ke1 Rf5 35. Rg2 Kf7 36. Kd2 Ke6 37. Bg4 Ke5 38. Bxf5 Kxf5 39. Kc3 Ke5 40. Rg4 Na6 41. Rf4 Nb4 42. Rf7 Nd5+ 43. Kd2 a4 44. bxa4 bxa4 45. Ra7 Nb6 46. Ra6 a3 47. Kc3 a2 48. Rxa2 Nd5+ 49. Kd2 Kf5 50. Ra7 Kg4 51. Rxh7 Nb6 52. Rh6 Nc4+ 53. Kc3 Ne5 54. Kd4 Nf3+ 55. Kxe4 Nxh4 56. Rxh4+ Kxh4 57. f4 Kg4 58. c4 1-0

[Event "January 2 Early 2024"]
[Site "https://www.chess.com"]
[Date "2024.01.02"]
[Round "2"]
[White "Burdalev, Kirill"]
[Black "Balla, Tamas-Kristof"]
[Result "0-1"]
[Board "206"]
[TimeControl "180+1"]
[WhiteFideId "14121913"]
[BlackFideId "1208497"]
[WhiteElo "2269"]
[BlackElo "2489"]
[WhiteTeam "CZE"]
[BlackTeam "ROU"]
[WhiteClock "0:00:07"]
[BlackClock "0:00:22"]

1. d4 d5 2. c4 e6 3. Nf3 c5 4. cxd5 exd5 5. g3 Nc6 6. Bg2 Nf6 7. O-O Be6 8. b3 cxd4 9. Nxd4 Bc5 10. Nxc6 bxc6 11. Ba3 Bxa3 12. Nxa3 O-O 13. Qc1 Qd7 14. Qc5 Bh3 15. Rac1 Rac8 16. Rfd1 Bxg2 17. Kxg2 Rfe8 18. Rc2 Ne4 19. Qd4 Qf5 20. f3 Ng5 21. Qg4 Qf6 22. h4 Ne6 23. Nb1 h5 24. Qa4 Qg6 25. Rcd2 Re7 26. Nc3 d4 27. Rxd4 Nxd4 28. Qxd4 Rce8 29. e4 Qe6 30. Qc5 Rd7 31. Rd4 Red8 32. Rc4 Rd2+ 33. Kf1 Qh3+ 34. Ke1 Qh1+ 0-1

[Event "January 2 Early 2024"]
[Site "https://www.chess.com"]
[Date "2024.01.02"]
[Round "2"]
[White "Szente Varga, Fruzsina"]
[Black "Fiedorek, Michal"]
[Result "1/2-1/2"]
[Board "207"]
[TimeControl "180+1"]
[WhiteFideId "712264"]
[BlackFideId "1199528"]
[WhiteElo "2268"]
[BlackElo "2487"]
[WhiteTeam "HUN"]
[BlackTeam "POL"]
[WhiteClock "0:00:10"]
[BlackClock "0:00:04"]

1. e4 c5 2. Nf3 d6 3. d4 cxd4 4. Qxd4 Nf6 5. Bb5+ Nbd7 6. c4 a6 7. Ba4 g6 8. Nc3 Bg7 9. O-O O-O 10. h3 Nc5 11. e5 Nxa4 12. Nxa4 Nd7 13. Re1 Nxe5 14. Nxe5 Bxe5 15. Qb6 Bd7 16. Qxd8 Raxd8 17. Nb6 Bc6 18. f4 Bd4+ 19. Be3 Bxb2 20. Rab1 Bc3 21. Re2 Bf6 22. Nd5 Bxd5 23. cxd5 b5 24. a4 bxa4 25. Ra2 Rb8 26. Rxb8 Rxb8 27. Rxa4 Rb5 28. Rxa6 Rxd5 29. f5 Rxf5 30. Bh6 Bd4+ 31. Kh2 f6 32. Ra8+ Kf7 33. Rh8 Be5+ 34. Kg1 Bg3 35. Rxh7+ Ke6 36. Bf8 Rd5 37. Rxe7+ Kf5 38. Kf1 Rd1+ 39. Ke2 Re1+ 40. Kf3 Rxe7 41. Bxe7 Be5 42. g4+ Ke6 43. Bd8 Kd5 44. h4 Kc4 45. h5 gxh5 46. gxh5 f5 47. h6 Kd5 48. Bg5 Ke6 49. Bf4 Kf7 50. Bd2 Kg6 51. Bc1 d5 52. Bd2 Bd6 53. Ke3 Bc5+ 54. Kf4 Bf8 55. Ke5 Bxh6 56. Bxh6 Kxh6 57. Kxf5 d4 58. Ke4 d3 59. Kxd3 1/2-1/2